Map: Eastwatch LE

Players

Leenock

  • Race: Zerg Zerg
  • League: Grandmaster
  • Spawn Location: 7:00

Ryung - Winner!

  • Race: Terran Terran
  • League: Master
  • Spawn Location: 1:00

Event: Memes & Dreams Invitational

VOD

Have the link to the VOD?

Description

Time

  • Played on: April 14, 2018, 4:44 a.m.
  • Length: 13:43

All games in this series

Show
View Real Time Build Order
Export as new Build Order

Leenock Zerg 

Build Orders: Hatch First, Roach Hydra, Swarm Host 

Get SALT Encoding   

  12  0:00  Drone  
  13  0:12  Overlord  
  13  0:16  Drone  
  14  0:30  Drone x2  
  14  0:34  Drone  
  17  0:52  Hatchery  
  17  0:54  Drone  
  17  0:57  Drone  
  17  1:03  Extractor  
  17  1:12  Spawning Pool  
  17  1:15  Drone  
  17  1:18  Drone  
  18  1:27  Drone  
  19  1:37  Overlord  
  19  1:58  Queen  
  19  1:59  Zergling x4  
  23  2:03  Queen  
  23  2:04  Drone, Metabolic Boost  
  26  2:11  Drone  
  26  2:14  Drone  
  28  2:22  Drone  
  29  2:25  Drone  
  30  2:31  Drone  
  31  2:39  Hatchery  
  31  2:40  Drone  
  31  2:47  Queen  
  33  2:52  Overlord  
  33  2:55  Drone  
  33  2:57  Drone  
  35  2:59  Drone  
  36  3:10  Drone  
  36  3:12  Drone  
  38  3:13  Drone x2  
  38  3:14  Drone  
  38  3:15  Drone  
  38  3:16  Drone  
  38  3:18  Drone  
  44  3:25  Overlord  
  44  3:36  Overlord  
  44  3:40  Extractor, Drone, Roach Warren  
  42  3:41  Drone  
  42  3:45  Queen  
  42  3:46  Drone  
  42  3:47  Drone x3  
  49  3:49  Drone  
  49  3:53  Extractor  
  49  3:57  Drone  
  49  3:59  Overlord  
  49  4:00  Lair  
  50  4:03  Drone  
  51  4:11  Drone  
  52  4:21  Roach x6  
  52  4:23  Drone x2  
  66  4:28  Drone x2  
  66  4:29  Roach  
  66  4:30  Roach  
  72  4:33  Overlord  
  72  4:40  Overlord  
  72  4:44  Evolution Chamber  
  72  4:45  Overlord  
  71  4:47  Overlord  
  71  4:53  Drone x2  
  71  4:59  Ravager, Roach x2  
  79  5:00  Ravager  
  79  5:01  Roach  
  79  5:04  Roach x2  
  79  5:05  Drone, Roach  
  79  5:06  Drone  
  89  5:07  Drone  
  89  5:12  Drone  
  89  5:13  Drone x2  
  93  5:16  Glial Reconstitution  
  93  5:19  Overlord  
  93  5:23  Overlord  
  84  5:53  Zerg Ground Armor Level 1  
  84  5:55  Drone x4, Evolution Chamber  
  84  5:56  Drone x5  
  84  5:57  Drone x4  
  96  6:00  Extractor  
  96  6:01  Extractor, Infestation Pit  
  96  6:03  Drone x2  
  95  6:19  Ravager  
  95  6:20  Ravager  
  95  6:23  Roach  
  95  6:24  Drone x3, Hatchery  
  95  6:25  Drone  
  102  6:26  Extractor  
  102  6:27  Drone x4  
  102  6:31  Roach x3  
  111  6:34  Hatchery  
  107  6:42  Overlord  
  107  6:43  Zerg Missile Weapons Level 1  
  107  6:56  Roach x2  
  102  7:04  Drone x12  
  114  7:08  Overlord  
  114  7:14  Overlord  
  114  7:22  Swarm Host  
  114  7:23  Swarm Host  
  114  7:25  Overlord x3  
  120  7:30  Swarm Host x3  
  120  7:32  Hive  
  120  7:34  Swarm Host x3  
  120  7:35  Extractor  
  120  7:36  Queen  
  120  7:37  Drone, Extractor  
  139  7:47  Drone  
  139  7:48  Swarm Host x4  
  139  7:50  Overlord x2  
  139  7:51  Overlord  
  152  7:56  Drone  
  152  7:57  Hydralisk Den  
  152  7:58  Drone x2  
  153  8:12  Swarm Host x2  
  159  8:14  Drone x6  
  162  8:36  Grooved Spines  
  162  8:37  Zerg Ground Armor Level 2  
  162  8:38  Zerg Missile Weapons Level 2  
  162  8:41  Drone x2, Overlord  
  164  8:42  Overlord  
  164  8:44  Drone x3  
  167  8:54  Viper x2  
  173  9:16  Hydralisk  
  175  9:18  Drone x2  
  175  9:19  Baneling Nest  
  175  9:23  Evolution Chamber  
  173  9:24  Spine Crawler  
  173  9:26  Spine Crawler  
  173  9:27  Spine Crawler x2  
  169  9:32  Hydralisk x11  
  187  9:46  Hydralisk x6  
  187  9:48  Muscular Augments  
  187  9:55  Zerg Melee Weapons Level 1  
  187  9:59  Hydralisk x5  
  186  10:02  Drone x4  
  192  10:27  Drone x2  
  192  10:28  Drone x2  
  194  10:29  Drone  
  194  10:35  Hydralisk x4  
  198  10:52  Hydralisk  
  198  11:03  Hydralisk x2  
  198  11:04  Hydralisk x5  
  181  11:10  Hydralisk  
  181  11:11  Hydralisk x7  
  185  11:15  Centrifical Hooks  
  193  11:50  Hydralisk x3  
  199  11:59  Spire  
  198  12:03  Hydralisk  
  187  12:33  Drone x3  
  187  12:34  Drone x6  
  187  12:35  Drone x3  
  187  12:37  Hatchery  
  198  12:39  Drone x2  
  184  13:00  Hydralisk x5  
  184  13:01  Hydralisk x6  
  140  13:09  Roach  
  127  13:13  Roach  
  127  13:14  Roach x2  
  127  13:16  Roach  
  127  13:17  Roach x3  
  127  13:19  Extractor  
  137  13:20  Extractor  
  137  13:21  Roach x6  
  137  13:23  Roach  
  151  13:30  Hatchery  
Show
View Real Time Build Order
Export as new Build Order

Ryung Terran - Winner!

Build Orders: Command Center First (CC), Mech 

Get SALT Encoding   

  12  0:01  SCV  
  13  0:13  SCV  
  14  0:17  Supply Depot  
  14  0:25  SCV  
  15  0:38  SCV  
  16  0:50  SCV  
  17  1:00  Command Center  
  17  1:03  SCV  
  18  1:13  Barracks  
  18  1:16  SCV  
  19  1:22  Refinery  
  19  1:28  SCV  
  19  1:31  Refinery  
  20  1:40  SCV  
  21  1:52  SCV  
  22  2:00  Reaper  
  23  2:04  Orbital Command  
  23  2:11  Orbital Command  
  23  2:18  Factory  
  23  2:30  SCV  
  23  2:32  Barracks Reactor  
  24  2:38  SCV  
  24  2:42  SCV  
  26  2:46  Factory  
  26  2:50  SCV  
  27  2:54  SCV  
  28  3:02  SCV  
  28  3:03  Supply Depot  
  29  3:06  SCV  
  34  3:13  Hellion x2  
  34  3:14  SCV  
  34  3:17  Supply Depot  
  34  3:19  SCV  
  36  3:24  Barracks Reactor  
  36  3:26  SCV  
  36  3:31  SCV  
  41  3:34  Hellion x2  
  41  3:40  SCV  
  42  3:41  Supply Depot  
  42  3:43  SCV  
  43  3:52  SCV  
  43  3:54  Supply Depot  
  43  3:55  SCV  
  45  4:03  Cyclone x2  
  45  4:05  Barracks Tech Lab  
  45  4:06  SCV  
  45  4:07  SCV  
  53  4:15  Cyclone x2  
  59  4:17  Supply Depot  
  59  4:20  SCV x2  
  59  4:21  Supply Depot  
  61  4:32  Command Center  
  61  4:38  SCV  
  62  4:39  SCV  
  63  4:47  Hellion x2  
  63  4:49  Refinery x2  
  63  4:50  Supply Depot  
  67  4:54  SCV x2  
  67  4:57  Supply Depot  
  69  5:03  Siege Tank  
  69  5:06  SCV x2  
  73  5:17  Hellion x2  
  73  5:18  SCV x2  
  79  5:22  Armory x2  
  64  5:43  Cyclone x2  
  64  5:44  Cyclone  
  64  5:45  SCV x2  
  64  5:46  Orbital Command  
  72  6:02  SCV x2  
  74  6:07  Orbital Command  
  72  6:15  Cyclone  
  72  6:16  Refinery, Cyclone x2  
  72  6:17  Refinery  
  81  6:23  SCV  
  81  6:24  SCV  
  83  6:36  SCV x2  
  83  6:39  SCV  
  84  6:47  Terran Vehicle And Ship Armor Level 1, Terran Vehicle Weapons Level 1  
  84  6:48  SCV x2  
  84  6:49  Siege Tank  
  84  6:50  Hellion  
  84  6:51  Hellion, SCV  
  84  6:52  Command Center x2  
  94  7:00  SCV x2  
  94  7:03  SCV  
  94  7:06  Hellion x2  
  95  7:12  Factory, SCV x2  
  95  7:14  Infernal Pre-Igniter, Factory x2  
  97  7:15  SCV  
  97  7:16  Hellion x2  
  97  7:22  Hellion, Supply Depot  
  104  7:23  Engineering Bay  
  104  7:24  SCV  
  104  7:25  SCV  
  104  7:27  SCV  
  107  7:35  Supply Depot x2  
  107  7:36  Supply Depot  
  107  7:47  Cyclone x3  
  107  7:51  SCV  
  117  7:56  SCV x2  
  119  7:59  Supply Depot  
  119  8:01  Cyclone  
  119  8:03  Factory Reactor, Factory Tech Lab  
  122  8:06  Orbital Command  
  122  8:11  Cyclone  
  125  8:16  Supply Depot  
  125  8:17  Supply Depot  
  125  8:19  Cyclone  
  120  8:28  Cyclone x3  
  120  8:33  Cyclone  
  120  8:34  Planetary Fortress  
  126  8:36  Sensor Tower  
  126  8:41  Cyclone  
  129  8:42  Hellion  
  129  8:46  Hellion  
  133  8:51  Hellion  
  133  8:52  Refinery x2, Terran Vehicle Weapons Level 2  
  135  9:00  Hellion  
  137  9:08  Hellion x3  
  142  9:12  Cyclone  
  142  9:13  Terran Vehicle And Ship Armor Level 2  
  142  9:20  Sensor Tower  
  142  9:22  Hellion, Command Center x2  
  142  9:23  Hellion x2  
  148  9:30  Hellion x4  
  156  9:44  Cyclone x4  
  168  9:48  Starport  
  168  9:49  Starport  
  168  9:56  Command Center  
  168  9:59  Command Center  
  164  10:05  Cyclone x2  
  166  10:07  Hellion x2  
  167  10:24  Hellion  
  167  10:25  Hellion x3  
  167  10:26  Starport Tech Lab x2  
  171  10:38  Orbital Command  
  171  10:47  Starport  
  167  10:54  Corvid Reactor, Raven x2  
  167  10:57  Hellion x2  
  153  11:05  Cyclone x3  
  153  11:08  Cyclone x2  
  153  11:10  Orbital Command  
  160  11:17  Drilling Claws  
  160  11:18  Smart Servos  
  160  11:32  Hellion x3  
  166  11:37  Hellion  
  166  11:39  Hellion x2  
  166  11:45  Starport Tech Lab, Raven x2  
  169  11:47  Hellion x2  
  169  11:54  Hellion x3  
  169  11:59  Planetary Fortress  
  169  12:01  Refinery  
  169  12:02  Refinery  
  169  12:09  Cyclone  
  166  12:24  Cyclone x2  
  166  12:27  Raven  
  166  12:28  Raven  
  159  12:31  Hellion x4  
  167  12:40  Orbital Command  
  167  12:42  Cyclone x2  
  173  12:48  SCV x4  
  177  12:52  Cyclone  
  180  13:04  Cyclone x3  
  180  13:05  Cyclone x2  
  165  13:07  SCV x2  
  165  13:08  SCV  
  177  13:28  SCV x3  
Tags
 
Add a new tag
Caveats
  • Supply blocks, unpowered buildings, or Contaminate may cause inaccurate times.
  • Supply counts are checked every 10 seconds.